 Dungeon Crawl Stone Soup version 0.29.0-4-gdea44cf6ec (webtiles) character file.

Game seed: 2872573922132761188

1776 qw the Cleaver (level 8, -7/59 (62) HPs)
             Began as a Demonspawn Cinder Acolyte on Sept 9, 2022.
             Was an Initiate of Ignis.
             Mangled by a wight
             ... wielding a +5 great sword
              (18 damage)
             ... on level 6 of the Dungeon.
             The game lasted 00:02:22 (7183 turns).

qw the Cleaver (Demonspawn Cinder Acolyte)          Turns: 7183, Time: 00:02:23

HP:   -7/59 (62)    AC: 10    Str: 17    XL:     8   Next: 81%
MP:   9/9           EV:  7    Int: 16    God:    Ignis [......]
Gold: 250           SH:  0    Dex: 14    Spells: 9/9 levels left

rFire   + . .      SeeInvis .   Y - +0 war axe
rCold   . . .      Faith    .   (no shield)
rNeg    . . .      Spirit   .   o - +0 chain mail
rPois   .          Reflect  .   n - +0 helmet
rElec   .          Harm     .   (cloak unavailable)
rCorr   .          Rampage  .   (no gloves)
Will    .....                   (no boots)
Stlth   ..........              (no amulet)
HPRegen 0.19/turn               k - +6 ring of dexterity
MPRegen 0.11/turn               (no ring)

@: lightly drained
A: demonic guardian 1, powered by pain 1, weakness stinger 3, demonic touch 1
a: Renounce Religion, Rising Flame


You were on level 6 of the Dungeon.
You worshipped Ignis.
Ignis was noncommittal.
You visited 1 branch of the dungeon, and saw 6 of its levels.

You collected 250 gold pieces.


Innate Abilities, Weirdness & Mutations

A weak demonic guardian rushes to your aid.
You sometimes gain a little power by taking damage.
You have a sharp stinger which inflicts weakening toxins.
Your touch may inflict minor irresistible damage on your foes.


   Skills:
 - Level 5.0 Fighting
 - Level 9.0 Axes
 - Level 1.5 Throwing
 - Level 3.4 Armour
 + Level 1.8 Dodging
 - Level 1.0 Spellcasting
 - Level 2.6 Fire Magic


You had 9 spell levels left.
You didn't know any spells.
Your spell library contained the following spells:

 Spells                   Type           Power      Damage    Failure   Level
 Scorch                   Fire           18%        2d6       86%         2

Inventory:

Hand Weapons
 h - a +0 hand axe of flaming
 Y - a +0 war axe (weapon)
Missiles
 b - 2 boomerangs (quivered)
Armour
 n - a +0 helmet (worn)
 o - a +0 chain mail (worn)
Jewellery
 k - a +6 ring of dexterity (left hand)
Scrolls
 e - a scroll of identify
Potions
 d - 2 potions of curing
 f - a potion of mutation
 i - a potion of might

Dungeon Overview and Level Annotations

Branches:
Dungeon (6/15)             Temple (0/1) D:5

Altars:
Okawaru
Qazlal
Ru
Uskayaw
Yredelemnul

Shops:
D:2 :


Message History

You now have 250 gold pieces (gained 12).
A wight comes into view. It is wielding a +0 morningstar.
Throw: 2 boomerangs
Press: ? - help, Q - select action Shift-Dir - straight line, f - wight You throw a boomerang.
The boomerang hits the wight but does no damage.
A wight comes into view. It is wielding a +5 great sword.
Throw: 2 boomerangs
Press: ? - help, Q - select action Shift-Dir - straight line, f/p - wight You throw a boomerang.
The boomerang hits the wight.
The wight is moderately damaged.
Throw: 2 boomerangs
Press: ? - help, Q - select action Shift-Dir - straight line, f/p - wight You throw a boomerang.
The boomerang hits the wight.
The wight is heavily damaged.
Throw: 2 boomerangs
Press: ? - help, Q - select action Shift-Dir - straight line, f/p - wight You throw a boomerang.
The boomerang hits the wight but does no damage.
The wight is heavily damaged.
You slash the wight!
You destroy the wight!
You hit the wight.
The wight is moderately damaged.
The wight hits you with a +5 great sword!!
You feel drained. The wight barely misses you.
You hit the wight.
The wight is severely damaged.
The wight hits you with a +5 great sword!!
7181 ||| DRINKING potion of heal wounds.
You feel much better.
The wight hits you with a +5 great sword!
You hit the wight but do no damage.
Your tail-slap misses the wight.
The wight is severely damaged.
The wight hits you with a +5 great sword!
A demonic guardian appears!
You closely miss the wight.
The wight is severely damaged.
The wight hits you with a +5 great sword!!
You die...

........... ...........#
............# #
..........?...##.
.............?...
................#
...............z.5#
..(.............@.(#
...................#
...................##
......................7
.......................7
..........).............7
..............!........7.
...................##777
..................##


You could see a wight (ally target) and a friendly iron imp (summoned).

Vanquished Creatures
  Sigmund (D:6)
  2 black bears
  An ice beast (D:5)
  2 ogres
  2 phantoms
  Blork the orc (D:5)
  2 scorpions
  A necrophage (D:6)
  A wight (D:6)
  3 hounds
  A jelly (D:5)
  3 orc priests
  A gnoll bouda (D:5)
  Jessica (D:3)
  3 iguanas
  4 orc wizards
  Robin (D:3)
  7 gnolls
  6 adders
  A white imp (D:6)
  An ufetubus (D:4)
  A worm (D:2)
  3 dart slugs
  21 orcs
  12 ball pythons
  10 endoplasms
  2 giant cockroaches
  11 goblins
  10 hobgoblins
  10 jackals
  12 kobolds
  6 quokkas
  5 bats
  4 frilled lizards
  6 rats
158 creatures vanquished.

Notes
Turn   | Place    | Note
-------+----------+-------------------------------------------
     0 | D:1      | qw the Demonspawn Cinder Acolyte began the quest for the
                  | Orb.
     0 | D:1      | Reached XP level 1. HP: 18/18 MP: 2/2
     0 | D:1      | 0 ||| qw: Version: 0.1-a-113-g051387a
     0 | D:1      | 0 ||| qw: Game counter: 7085
     0 | D:1      | 0 ||| qw: Always use a shield: true
     0 | D:1      | 0 ||| qw: God list: Okawaru
     0 | D:1      | 0 ||| qw: Allow faded altars: false
     0 | D:1      | 0 ||| qw: Do Orc after D:15 true
     0 | D:1      | 0 ||| qw: Do second Lair branch before Depths: true
     0 | D:1      | 0 ||| qw: Lair rune preference: random
     0 | D:1      | 0 ||| qw: Plans: Normal
     0 | D:1      | 0 ||| PLANNING D:1-11
   124 | D:1      | Reached skill level 3 in Axes
   125 | D:1      | 125 ||| Stepping ~*~*~tactically~*~*~ (stealth).
   273 | D:1      | 273 ||| INVOKING Fiery Armour.
   276 | D:1      | Discovered your monstrous ancestry.
   276 | D:1      | Gained mutation: You have a small tail. [demonic ancestry]
   276 | D:1      | Reached XP level 2. HP: 9/24 MP: 3/3
   664 | D:1      | 664 ||| INVOKING Fiery Armour.
   856 | D:1      | 856 ||| INVOKING Fiery Armour.
  1112 | D:1      | Found a faded altar of an unknown god.
  1179 | D:1      | 1179 ||| Stepping ~*~*~tactically~*~*~ (stealth).
  1191 | D:1      | Gained mutation: You have a tail ending in a sharp stinger.
                  | [demonic ancestry]
  1191 | D:1      | Reached XP level 3. HP: 20/29 MP: 4/4
  1198 | D:1      | 1198 ||| Stepping ~*~*~tactically~*~*~ (stealth).
  1199 | D:1      | 1199 ||| Stepping ~*~*~tactically~*~*~ (stealth).
  1201 | D:1      | 1201 ||| Stepping ~*~*~tactically~*~*~ (stealth).
  1202 | D:1      | 1202 ||| Stepping ~*~*~tactically~*~*~ (stealth).
  1374 | D:1      | 1374 ||| UPGRADING to +0 leather armour.
  1384 | D:1      | 1384 ||| DROPPING +0 robe.
  1385 | D:1      | 1385 ||| READING scroll labelled TAAMEI ASMAI.
  1386 | D:1      | 1386 ||| READING 2 scrolls labelled UTAEME MICIHI.
  1387 | D:1      | 1387 ||| DRINKING 2 emerald potions.
  1388 | D:1      | 1388 ||| DRINKING 2 fuming blue potions.
  1389 | D:1      | 1389 ||| DROPPING potion of degeneration.
  1415 | D:2      | 1415 ||| Stepping ~*~*~tactically~*~*~ (stealth).
  1422 | D:2      | Reached skill level 4 in Axes
  1503 | D:2      | 1503 ||| Stepping ~*~*~tactically~*~*~ (stealth).
  1518 | D:2      | 1518 ||| Stepping ~*~*~tactically~*~*~ (hiding).
  1627 | D:2      | Found Afaomasm's Vocational Training.
  1739 | D:2      | 1739 ||| INVOKING Fiery Armour.
  1794 | D:2      | 1794 ||| Stepping ~*~*~tactically~*~*~ (stealth).
  2189 | D:2      | 2189 ||| INVOKING Fiery Armour.
  2602 | D:2      | Reached XP level 4. HP: 35/35 MP: 5/5
  2782 | D:2      | 2782 ||| Stepping ~*~*~tactically~*~*~ (stealth).
  2784 | D:2      | 2784 ||| STAIRDANCE
  2796 | D:1      | 2796 ||| READING scroll labelled FOESUC EHU.
  2799 | D:1      | 2799 ||| READING scroll labelled ZIYSMU ATISOSO.
  2800 | D:1      | 2800 ||| DRINKING 2 viscous amethyst potions.
  2801 | D:1      | 2801 ||| DROPPING potion of magic.
  2834 | D:2      | 2834 ||| Stepping ~*~*~tactically~*~*~ (stealth).
  2835 | D:2      | 2835 ||| Stepping ~*~*~tactically~*~*~ (stealth).
  2912 | D:2      | Found a basalt altar of Yredelemnul.
  3189 | D:2      | 3189 ||| Stepping ~*~*~tactically~*~*~ (stealth).
  3458 | D:2      | 3458 ||| UPGRADING to +0 ring mail.
  3468 | D:2      | 3468 ||| DROPPING +0 leather armour.
  3469 | D:2      | 3469 ||| READING scroll labelled FUYNYMNOIQ.
  3543 | D:3      | Found a stormy altar of Qazlal.
  3544 | D:3      | 3544 ||| INVOKING Fiery Armour.
  3545 | D:3      | 3545 ||| DRINKING 3 potions of curing.
  3545 | D:3      | 3545 ||| (to cure confusion)
  3556 | D:3      | Reached skill level 5 in Axes
  3558 | D:3      | Reached skill level 1 in Dodging
  3558 | D:3      | Gained mutation: Your touch may inflict minor irresistible
                  | damage on your foes. [demonic ancestry]
  3558 | D:3      | Reached XP level 5. HP: 38/41 MP: 6/6
  3594 | D:3      | 3594 ||| SWAPPING to +0 war axe.
  3619 | D:3      | 3619 ||| Stepping ~*~*~tactically~*~*~ (stealth).
  3621 | D:3      | 3621 ||| Stepping ~*~*~tactically~*~*~ (hiding).
  3623 | D:3      | 3623 ||| Stepping ~*~*~tactically~*~*~ (hiding).
  3626 | D:3      | 3626 ||| Stepping ~*~*~tactically~*~*~ (hiding).
  3792 | D:3      | Noticed Jessica
  3793 | D:3      | 3793 ||| Stepping ~*~*~tactically~*~*~ (stealth).
  3800 | D:3      | Killed Jessica
  3806 | D:3      | 3806 ||| FLEEEEING.
  3901 | D:3      | Noticed Robin
  3913 | D:3      | Killed Robin
  4099 | D:3      | Found a sacrificial altar of Ru.
  4374 | D:3      | 4374 ||| UPGRADING to +4 ring mail.
  4384 | D:3      | 4384 ||| DROPPING +0 ring mail.
  4385 | D:3      | 4385 ||| UPGRADING to +0 helmet.
  4390 | D:3      | 4390 ||| UPGRADING to +0 chain mail.
  4400 | D:3      | 4400 ||| DROPPING +4 ring mail.
  4401 | D:3      | 4401 ||| UPGRADING to +6 ring of dexterity.
  4402 | D:3      | 4402 ||| READING scroll labelled NONIAFASAALL.
  4403 | D:3      | 4403 ||| READING scroll labelled GIUHYU GOEFOR.
  4404 | D:3      | 4404 ||| READING scroll labelled WAZIGOO QOHOAN.
  4405 | D:3      | 4405 ||| READING scroll labelled SEIDICSA BOYR.
  4406 | D:3      | 4406 ||| READING scroll labelled WOH DAYNLACOZ.
  4407 | D:3      | 4407 ||| READING 2 scrolls of identify.
  4407 | D:3      | 4407 ||| IDENTIFYING sedimented emerald potion
  4461 | D:4      | Reached skill level 1 in Armour
  4514 | D:4      | 4514 ||| INVOKING Fiery Armour.
  4522 | D:4      | Gained mutation: A weak demonic guardian rushes to your
                  | aid. [demonic ancestry]
  4522 | D:4      | Reached XP level 6. HP: 45/47 MP: 7/7
  4625 | D:4      | Found an iron altar of Okawaru.
  4697 | D:4      | Reached skill level 6 in Axes
  4704 | D:4      | 4704 ||| Stepping ~*~*~tactically~*~*~ (stealth).
  4746 | D:4      | 4746 ||| Stepping ~*~*~tactically~*~*~ (stealth).
  4759 | D:4      | 4759 ||| Stepping ~*~*~tactically~*~*~ (stealth).
  4797 | D:4      | 4797 ||| INVOKING Fiery Armour.
  4804 | D:4      | 4804 ||| FLEEEEING.
  4805 | D:4      | 4805 ||| FLEEEEING.
  4806 | D:4      | 4806 ||| FLEEEEING.
  4807 | D:4      | 4807 ||| FLEEEEING.
  4808 | D:4      | 4808 ||| FLEEEEING.
  4809 | D:4      | 4809 ||| FLEEEEING.
  4810 | D:4      | 4810 ||| FLEEEEING.
  4811 | D:4      | 4811 ||| FLEEEEING.
  4812 | D:4      | 4812 ||| FLEEEEING.
  4813 | D:4      | 4813 ||| FLEEEEING.
  4814 | D:4      | 4814 ||| FLEEEEING.
  4815 | D:4      | 4815 ||| FLEEEEING.
  4816 | D:4      | 4816 ||| FLEEEEING.
  4817 | D:4      | 4817 ||| FLEEEEING.
  4818 | D:4      | 4818 ||| FLEEEEING.
  4819 | D:4      | 4819 ||| FLEEEEING.
  4820 | D:4      | 4820 ||| FLEEEEING.
  4821 | D:4      | 4821 ||| FLEEEEING.
  4822 | D:4      | 4822 ||| FLEEEEING.
  4823 | D:4      | 4823 ||| FLEEEEING.
  4824 | D:4      | 4824 ||| FLEEEEING.
  4825 | D:4      | 4825 ||| FLEEEEING.
  4826 | D:4      | 4826 ||| FLEEEEING.
  4827 | D:4      | 4827 ||| FLEEEEING.
  4828 | D:4      | 4828 ||| FLEEEEING.
  4829 | D:4      | 4829 ||| FLEEEEING.
  4830 | D:4      | 4830 ||| FLEEEEING.
  4831 | D:4      | 4831 ||| FLEEEEING.
  4832 | D:4      | 4832 ||| FLEEEEING.
  4833 | D:4      | 4833 ||| FLEEEEING.
  4834 | D:4      | 4834 ||| FLEEEEING.
  4835 | D:4      | 4835 ||| FLEEEEING.
  4836 | D:4      | 4836 ||| FLEEEEING.
  4837 | D:4      | 4837 ||| FLEEEEING.
  4838 | D:4      | 4838 ||| FLEEEEING.
  4839 | D:4      | 4839 ||| FLEEEEING.
  4840 | D:4      | 4840 ||| FLEEEEING.
  4841 | D:4      | 4841 ||| FLEEEEING.
  4842 | D:4      | 4842 ||| FLEEEEING.
  4843 | D:4      | 4843 ||| FLEEEEING.
  4844 | D:4      | 4844 ||| FLEEEEING.
  4845 | D:4      | 4845 ||| FLEEEEING.
  4846 | D:4      | 4846 ||| FLEEEEING.
  4847 | D:4      | 4847 ||| FLEEEEING.
  4848 | D:4      | 4848 ||| FLEEEEING.
  4849 | D:4      | 4849 ||| FLEEEEING.
  4850 | D:4      | 4850 ||| STAIRDANCE
  4915 | D:4      | 4915 ||| Stepping ~*~*~tactically~*~*~ (hiding).
  4918 | D:4      | Gained mutation: You have a sharp stinger which inflicts
                  | weakening toxins. [demonic ancestry]
  4918 | D:4      | Reached XP level 7. HP: 54/54 MP: 8/8
  4925 | D:4      | 4925 ||| STAIRDANCE
  5202 | D:4      | Found a hide-covered altar of Uskayaw.
  5303 | D:5      | Entered Level 5 of the Dungeon
  5304 | D:5      | 5304 ||| PLANNING OSSUARY
  5377 | D:5      | 5377 ||| INVOKING Fiery Armour.
  5390 | D:5      | 5390 ||| Stepping ~*~*~tactically~*~*~ (stealth).
  5449 | D:5      | Reached skill level 7 in Axes
  5460 | D:5      | Reached skill level 1 in Throwing
  5520 | D:5      | Found a staircase to the Ecumenical Temple.
  5522 | D:5      | Noticed Blork the orc
  5526 | D:5      | 5526 ||| INVOKING Fiery Armour.
  5526 | D:5      | Killed Blork the orc
  5758 | D:5      | 5758 ||| Stepping ~*~*~tactically~*~*~ (stealth).
  5770 | D:5      | 5770 ||| INVOKING Fiery Armour.
  5775 | D:5      | Gained mutation: You sometimes gain a little power by
                  | taking damage. [demonic ancestry]
  5775 | D:5      | Reached XP level 8. HP: 33/60 MP: 9/9
  5775 | D:5      | 5775 ||| FLEEEEING.
  5776 | D:5      | 5776 ||| FLEEEEING.
  5777 | D:5      | 5777 ||| FLEEEEING.
  5778 | D:5      | 5778 ||| FLEEEEING.
  5779 | D:5      | 5779 ||| FLEEEEING.
  5780 | D:5      | 5780 ||| STAIRDANCE
  5905 | D:4      | 5905 ||| DRINKING 2 sedimented purple potions.
  5906 | D:4      | 5906 ||| READING 3 scrolls of identify.
  5906 | D:4      | 5906 ||| IDENTIFYING metallic black potion
  5907 | D:4      | 5907 ||| DROPPING potion of lignification.
  5910 | D:5      | 5910 ||| INVOKING Fiery Armour.
  5911 | D:5      | HP: 9/60 [ogre/+0 giant club (7)]
  5912 | D:5      | Reached skill level 8 in Axes
  5912 | D:5      | 5912 ||| READING scroll of teleportation.
  5913 | D:5      | 5913 ||| DRINKING potion of heal wounds.
  5914 | D:5      | 5914 ||| STAIRDANCE
  6103 | D:5      | 6103 ||| RIP OSSUARY
  6104 | D:5      | 6104 ||| PLANNING D:1-11
  6503 | D:5      | 6503 ||| READING 2 scrolls labelled VUKHLU UPSE.
  6504 | D:5      | 6504 ||| READING 2 scrolls of identify.
  6504 | D:5      | 6504 ||| IDENTIFYING fizzy purple potion
  6505 | D:5      | 6505 ||| DROPPING scroll of poison.
  6506 | D:5      | 6506 ||| DROPPING potion of berserk rage.
  6507 | D:5      | 6507 ||| Stepping randomly (stuck).
  6508 | D:5      | 6508 ||| Stepping ~*~*~tactically~*~*~ (cloud).
  6792 | D:6      | Reached skill level 3 in Armour
  7032 | D:6      | 7032 ||| Stepping ~*~*~tactically~*~*~ (hiding).
  7099 | D:6      | Noticed Sigmund
  7112 | D:6      | Killed Sigmund
  7113 | D:6      | Reached skill level 9 in Axes
  7180 | D:6      | HP: 12/59 [wight/+5 great sword (20)]
  7181 | D:6      | 7181 ||| DRINKING potion of heal wounds.
  7183 | D:6      | Mangled by a wight

Levels and vault maps discovered:
D:1:      lightli_arrival_isolated_outpost, layout_loops_ring,
          basic_ecumenical_altar
D:2:      layout_loops_corners, basic_altar, nicolae_shop_vocational
D:3:      layout_loops_cross, mainiacjoe_overflow_concentric_impassable,
          nicolae_qazlal_general_emergency, dk_noncrumbling_3, uniq_robin,
          uniq_jessica
D:4:      layout_basic, okawaru_altar_gauntlet_db, nicolae_uskayaw_dance_hall,
          minmay_crystal_room
D:5:      layout_cave_pools, minmay_temple_entry_grid, enter_ossuary_2,
          uniq_blork_the_orc
D:6:      kennysheep_steamy, layout_basic, uniq_crazy_yiuf_cottage, uniq_sigmund

Skill      XL: |  1  2  3  4  5  6  7  8 |
---------------+-------------------------+-----
Axes           | 3 4 5 6 7 9 |  9.0
Dodging        | 1 |  1.8
Armour         | 1 2 3 |  3.4
Fighting       | 4 5 |  5.0
Throwing       | 1 |  1.5
Spellcasting   | |  1.0
Fire Magic     | |  2.6

Action                   |  1- 3 |  4- 6 |  7- 9 || total
-------------------------+-------+-------+-------++-------
Melee: Hand axe          |   152 |    63 |       ||   215
       Tailslap          |    10 |    18 |    12 ||    40
       Punch             |     1 |       |       ||     1
       War axe           |       |    86 |    93 ||   179
       Touch             |       |    10 |    21 ||    31
Throw: Boomerang         |       |       |    27 ||    27
Invok: Fiery Armour      |     5 |     3 |     4 ||    12
  Use: Scroll            |     2 |     9 |     4 ||    15
       Potion            |     2 |     2 |     3 ||     7
 Stab: Distracted        |     1 |       |       ||     1
Armor: Robe              |    13 |       |       ||    13
       Leather armour    |    13 |    12 |       ||    25
       Ring mail         |       |    30 |       ||    30
       Chain mail        |       |    34 |    54 ||    88
Dodge: Dodged            |    78 |    76 |    28 ||   182

Table legend:
 A = Non-vault XP
 B = Vault XP
 C = Vault XP percentage of total XP
 D = Non-vault monster count
 E = Vault monster count
 F = Vault count percentage of total count
                 A         B        C        D         E       F
            +---------+---------+-------+---------+---------+-------
      Total |    2088 |     450 |  17.7 |     143 |      15 |   9.5
            +---------+---------+-------+---------+---------+-------
        D:1 |      49 |       0 |   0.0 |      30 |       0 |   0.0
        D:2 |      79 |       0 |   0.0 |      29 |       0 |   0.0
        D:3 |     118 |      61 |  34.1 |      21 |       7 |  25.0
        D:4 |     462 |      62 |  11.8 |      26 |       6 |  18.8
        D:5 |     903 |      96 |   9.6 |      30 |       1 |   3.2
        D:6 |     477 |     231 |  32.6 |       7 |       1 |  12.5
            +---------+---------+-------+---------+---------+-------
